 Dungeon Crawl Stone Soup version 0.27.1 (webtiles) character file.

Game seed: 16175105441981544844

30643 MajorAdolf the Peltast (level 13, 0/108 HPs)
             Began as a Naga Wanderer on Aug 25, 2021.
             Was an Initiate of Gozag.
             Killed by divine providence
             ... invoked by a sphinx
             ... summoned by Kirke
              (10 damage)
             ... on level 5 of the Lair of Beasts.
             The game lasted 01:04:59 (34412 turns).

MajorAdolf the Peltast (Naga Wanderer)             Turns: 34412, Time: 01:05:00

Health: 0/108      AC: 17    Str: 25    XL:     13   Next: 53%
Magic:  30/34      EV:  9    Int: 18    God:    Gozag
Gold:   1070       SH: 21    Dex: 12    Spells: 15/16 levels left

rFire    . . .     SeeInvis +   v - +3 war axe (elec)
rCold    . . .     Faith    .   Y - +0 tower shield
rNeg     . . .     Spirit   .   U - +3 leather armour of the Pit {Rampage Str+9 Slay+3}
rPois    +         Reflect  .   m - +0 helmet
rElec    .         Harm     .   F - +5 cloak of the Grue {Rampage Regen+ Int+3}
rCorr    .         Rampage  +   n - +1 pair of gloves {Stlth+}
Will     +....                  (no barding)
Stlth    +++.......             (no amulet)
HPRegen  1.28/turn              H - ring of magical power
MPRegen  0.24/turn              S - ring of magical power

@: about to teleport, studying Stealth, very slow
A: AC +4, large, see invisible, deformed body, poison resistance, slowness 2,
spit poison 1, naga tail 2
a: Spit Poison, Renounce Religion, Potion Petition, Call Merchant, Bribe Branch


You were on level 5 of the Lair of Beasts.
You worshipped Gozag.
Gozag was most pleased with you.
You visited 3 branches of the dungeon, and saw 19 of its levels.
You also visited: Sewer.

You collected 3471 gold pieces.
You spent 1097 gold pieces at shops.
You paid 1304 gold pieces to Gozag.

Inventory:

Hand Weapons
 s - a +3 dagger
 v - a +3 war axe of electrocution (weapon)
Missiles
 u - a throwing net
Armour
 m - a +0 helmet (worn)
 n - a +1 pair of gloves of stealth (worn)
 F - the +5 cloak of the Grue (worn) {Rampage Regen+ Int+3}
   (You bought it in a shop on level 8 of the Dungeon)

   Int:       It affects your intelligence (+3).
   Regen:     It increases your rate of health regeneration.
   Rampage:   It bestows one free step when moving towards enemies.
 M - a +2 robe of willpower
 U - the +3 leather armour of the Pit (worn) {Rampage Str+9 Slay+3}
   (You bought it in a shop on level 2 of the Lair of Beasts)

   Str:       It affects your strength (+9).
   Slay:      It affects your accuracy & damage with ranged weapons and melee
   (+3).
   Rampage:   It bestows one free step when moving towards enemies.
 Y - a +0 tower shield (worn)
Magical Staves
 i - a staff of death
Jewellery
 a - an amulet of guardian spirit
 f - an amulet of faith
 D - a ring of ice
 E - a ring of ice
 H - a ring of magical power (left hand)
 P - a ring of willpower
 S - a ring of magical power (right hand)
 X - the ring of Ufatzec {rPois Str+6}
   (You found it on level 3 of the Lair of Beasts)

   [ring of strength]

   Str:       It affects your strength (+6).
   rPois:     It protects you from poison.
Wands
 b - a wand of polymorph (44)
 t - a wand of digging (3)
 C - a wand of paralysis (4)
 G - a wand of flame (38)
 L - a wand of iceblast (11)
 N - a wand of acid (2)
Scrolls
 c - 4 scrolls of teleportation
 d - 4 scrolls of enchant armour
 j - a scroll of fear
 k - 5 scrolls of magic mapping
 o - 5 scrolls of identify
 q - 7 scrolls of noise
 r - a scroll of amnesia
 x - a scroll of vulnerability {unknown}
 B - a scroll of torment
 I - 2 scrolls of fog
 R - a scroll of holy word {unknown}
 W - a scroll of immolation
Potions
 e - 2 potions of heal wounds
 g - 4 potions of magic
 h - 2 potions of cancellation
 l - 5 potions of mutation
 p - 2 potions of berserk rage
 w - a potion of degeneration
 z - a potion of might
 A - 2 potions of flight {unknown}
 J - 3 potions of curing
 K - a potion of brilliance
 O - 2 potions of ambrosia {unknown}
 Q - 2 potions of lignification {unknown}
 T - 2 potions of attraction {unknown}
 V - a potion of haste


   Skills:
 + Level 4.6 Fighting
 - Level 3.0 Stealth
 - Level 15.0 Shields
 - Level 2.1 Spellcasting
 - Level 9.0 Conjurations
 - Level 1.0 Necromancy
 - Level 9.0 Fire Magic
 - Level 1.0 Ice Magic
 - Level 1.3 Poison Magic


You had 15 spell levels left.
You knew the following spells:

 Your Spells              Type           Power      Damage    Failure   Level
a - Foxfire               Conj/Fire      100%       2x1d9     1%          1

Your spell library contained the following spells:

 Spells                   Type           Power      Damage    Failure   Level
 Conjure Flame            Conj/Fire      34%        6-21      1%          3
 Sticky Flame             Conj/Fire      34%        2d5       4%          4
 Inner Flame              Hex/Fire       18%        N/A       10%         3
 Animate Skeleton         Necr           10%        N/A       14%         1
 Ignite Poison            Fire/Tmut/Pois 14%        N/A       16%         3
 Apportation              Tloc           2%         N/A       21%         1
 Corona                   Hex            1%         N/A       21%         1
 Summon Small Mammal      Summ           4%         N/A       21%         1
 Poisonous Vapours        Pois/Air       8%         N/A       24%         2
 Corpse Rot               Necr/Air       N/A        N/A       26%         2
 Ensorcelled Hibernation  Hex/Ice        6%         N/A       26%         2
 Blink                    Tloc           N/A        N/A       30%         2
 Lesser Beckoning         Tloc           0%         N/A       52%         3
 Tukima's Dance           Hex            1%         N/A       52%         3
 Freezing Cloud           Conj/Ice/Air   6%         6-21      82%         5
 Manifold Assault         Tloc           1%         N/A       99%         5


Dungeon Overview and Level Annotations

Branches:
Dungeon (13/15)            Temple (1/1) D:4            Lair (5/6) D:8
  Swamp (0/4) Lair:3       Spider (0/4) Lair:3          Orc (0/2) D:11
  Sewer (visited)
  Slime: Lair:5-6    Vaults: D:13-14

Altars:
Ashenzari
Cheibriados
Dithmenos
Elyvilon
Fedhas
Gozag
Hepliaklqana
Kikubaaqudgha
Makhleb
Nemelex Xobeh
Okawaru
Qazlal
Ru
Sif Muna
Trog
Uskayaw
Vehumet
Wu Jian
Xom
Yredelemnul
Zin
The Shining One

Shops:
D:3 *   D:8 ([   Lair:2 [

Portals:
Trove: D:11 (give +4 shadow dragon scales)

Annotations:
D:10 Erolcha
D:11 Josephine
D:12 2 transporters, exclusion: boulder beetle, Jorgrun; YannSP's ghost, journeyman DrCj
Lair:1 exclusion: oklob plant
Lair:5 Kirke


Innate Abilities, Weirdness & Mutations

Your serpentine skin is tough. (AC +4)
You have supernaturally acute eyesight. (SInv)
Armour fits poorly on your strangely shaped body.
Your system is resistant to poisons. (rPois)
You cover ground very slowly.
You can spit poison.
You can use your snake-like lower body to constrict enemies.


Message History

The sphinx mumbles some strange words.
Something smites you! The sphinx barely misses you. The sphinx hits you.
The sphinx hits you but does no damage.
The lindwurm is distracted by your dazzling golden aura.
The four-headed hydra bites you but does no damage.
The four-headed hydra bites you!
The four-headed hydra closely misses you.
The four-headed hydra bites you.
* * * LOW HITPOINT WARNING * * *
The sphinx hits you but does no damage. The sphinx hits you.
* * * LOW HITPOINT WARNING * * *
The sphinx closely misses you. Kirke hits you.
* * * LOW HITPOINT WARNING * * *
The sphinx barely misses you. The sphinx hits you but does no damage.
The sphinx hits you!
* * * LOW HITPOINT WARNING * * *
The lindwurm roars!
You feel better.
You block the four-headed hydra's attack.
The four-headed hydra bites you!
* * * LOW HITPOINT WARNING * * *
The four-headed hydra closely misses you.
The four-headed hydra bites you but does no damage.
The sphinx hits you!
* * * LOW HITPOINT WARNING * * *
The sphinx closely misses you. The sphinx hits you but does no damage.
Kirke hits you but does no damage. The sphinx hits you but does no damage.
The sphinx completely misses you. You block the sphinx's attack.
Okay, then.
Blink to where?
Press: ? - help, Dir - move target
As you read the scroll of blinking, it crumbles to dust.
The sphinx mumbles some strange words.
You resist with some effort.
As you read the scroll of teleportation, it crumbles to dust.
You feel strangely unstable.
The sphinx mumbles some strange words.
Something smites you!
You die...
Your body crumbles into a pile of gold.

#........## ### #### ####
..........###P### #..#####..#
.........#....#.###..##.#..#####
...........................#...##
..........................PP.....
.................................
.................................
......................H......P...
................@.....D.ยง>..P#...
.......................H.@k......
....<...........................#
#....... ..........##.#.#$......#
....... .#..#.###.####..........
....... ##### ## #..........
....... #.......... .......
#.......... #...... ..........#


You could see 2 sphinxes and a four-headed hydra.

Vanquished Creatures
  2 hydras
  Erica (D:11)
  3 two-headed ogres
  A swamp dragon (Lair:2)
  A manticore (D:12)
  4 elephants (Lair:4)
  A gargoyle (D:12)
  6 black mambas
  7 cane toads
  A rime drake (Lair:2)
  2 kobold demonologists (D:10)
  2 unseen horrors
  8 komodo dragons
  2 trolls (D:12)
  3 polar bears
  Grinder (Sewer)
  4 blink frogs (Lair:2)
  3 slime creatures (D:12)
  A vampire (D:11)
  2 spriggans (Lair:4)
  5 wraiths (D:11)
  A redback (Lair:3)
  Eustachio (D:6)
  14 yaks
  4 basilisks
  3 hogs (Lair:5)
  2 steam dragons
  A warg (D:11)
  6 vampire mosquitoes (D:12)
  Menkaure (D:6)
  2 acid dragons
  14 water moccasins
  10 orc warriors
  An ice beast (D:5)
  A sky beast (D:8)
  4 black bears
  5 necrophages
  3 ogres
  3 centaurs
  3 wolves (Lair:4)
  A phantom (D:6)
  9 kobold brigands
  4 scorpions
  10 bullfrogs
  A wyvern zombie (D:9)
  2 gnoll sergeants
  4 killer bees (D:9)
  9 wights
  2 howler monkeys (D:12)
  A quasit (Sewer)
  2 bullfrog zombies (D:5)
  5 centaur zombies
  2 gnoll shamans
  A hound (D:7)
  A jelly (D:5)
  9 orc priests
  A human zombie (D:9)
  A bullfrog skeleton (D:4)
  2 iguanas
  13 orc wizards
  A hound zombie (D:5)
  A mummy (D:9)
  2 howler monkey zombies (D:9)
  19 gnolls
  2 howler monkey skeletons
  5 adders
  6 shadow imps
  6 white imps
  5 ufetubi
  A dart slug (D:1)
  50 orcs
  7 ball pythons
  7 endoplasms
  2 giant cockroaches
  4 goblins
  3 hobgoblins
  4 jackals (D:1)
  37 kobolds
  5 quokkas
  4 bats
  5 frilled lizards (D:1)
  8 rats
403 creatures vanquished.

Vanquished Creatures (collateral kills)
  8 foxfires
8 creatures vanquished.

Vanquished Creatures (others)
  A death knight (D:13)
  A bat zombie (Sewer)
  An endoplasm (Sewer)
  2972 foxfires
  74 fungi
  68 plants
3117 creatures vanquished.

Grand Total: 3528 creatures vanquished

Notes
Turn   | Place    | Note
-------+----------+-------------------------------------------
     0 | D:1      | MajorAdolf the Naga Wanderer began the quest for the Orb.
     0 | D:1      | MajorAdolf set off with the following items: a +2 dagger, a
                  | scroll of blinking, a scroll of teleportation, a +0 robe;
                  | and the following spell memorised: Foxfire; and the
                  | following spells available to memorise: Inner Flame
     0 | D:1      | Reached XP level 1. HP: 15/15 MP: 3/3
   217 | D:1      | Reached XP level 2. HP: 3/22 MP: 0/5
   296 | D:1      | Reached skill level 1 in Fire Magic
   970 | D:1      | Reached XP level 3. HP: 17/28 MP: 1/6
  2914 | D:2      | Found a faded altar of an unknown god.
  3084 | D:3      | Reached XP level 4. HP: 36/36 MP: 5/7
  3364 | D:3      | Found a blossoming altar of Fedhas.
  3375 | D:3      | Noticed a scorpion
  3390 | D:3      | Killed a scorpion
  3391 | D:3      | Reached XP level 5. HP: 25/42 MP: 0/8
  3757 | D:3      | Found Jokov's Assorted Antiques.
  3790 | D:3      | Bought a pair of runed gloves for 120 gold pieces
  3952 | D:3      | Found a shimmering altar of Xom.
  4765 | D:4      | Found a staircase to the Ecumenical Temple.
  4782 | D:4      | Noticed an ogre
  4847 | D:4      | Noticed an ogre
  4859 | D:4      | Killed an ogre
  4860 | D:4      | Reached skill level 5 in Conjurations
  4860 | D:4      | Reached XP level 6. HP: 22/49 MP: 2/9
  4922 | D:4      | Found a glowing drain.
  4933 | Sewer    | Entered a sewer
  6130 | Sewer    | Found a burning altar of Makhleb.
  6185 | Sewer    | Reached XP level 7. HP: 22/55 MP: 0/10
  6383 | Sewer    | Noticed Grinder
  6393 | Sewer    | Killed Grinder
  6394 | Sewer    | Reached skill level 5 in Fire Magic
  6918 | D:4      | Found an iron altar of Okawaru.
  7583 | D:4      | Reached XP level 8. HP: 34/62 MP: 2/11
  7991 | Temple   | Entered the Ecumenical Temple
  8274 | Temple   | Became a worshipper of Gozag Ym Sagoz the Greedy
  8322 | D:5      | Entered Level 5 of the Dungeon
 10746 | D:5      | Reached XP level 9. HP: 68/68 MP: 5/12
 11273 | D:6      | Noticed Eustachio
 11636 | D:6      | Killed Eustachio
 11832 | D:6      | Noticed Menkaure
 11837 | D:6      | Killed Menkaure
 11928 | D:6      | Reached skill level 1 in Shields
 12467 | D:7      | Reached skill level 3 in Shields
 12655 | D:6      | Reached skill level 4 in Shields
 13149 | D:7      | Found a bloodstained altar of Trog.
 13337 | D:7      | Reached XP level 10. HP: 75/75 MP: 7/13
 13481 | D:7      | Found a radiant altar of Vehumet.
 13503 | D:7      | Reached skill level 5 in Shields
 14056 | D:7      | Found a glowing silver altar of Zin.
 14353 | D:8      | Reached skill level 6 in Shields
 15014 | D:8      | Found Oruif's Weapon Shop.
 15093 | D:7      | HP: 2/75 [yak (7)]
 15875 | D:8      | Reached skill level 7 in Shields
 17058 | D:8      | Found a staircase to the Lair.
 17490 | D:8      | Reached skill level 8 in Shields
 17960 | D:8      | Bought a fine cloak for 256 gold pieces
 17960 | D:8      | Identified the +0 cloak of Inquiry {*Slow Fly Int+3 Stlth+}
                  | (You bought it in a shop on level 8 of the Dungeon)
 17960 | D:8      | Bought a polished cloak for 256 gold pieces
 17960 | D:8      | Identified the +5 cloak of the Grue {Rampage Regen+ Int+3}
                  | (You bought it in a shop on level 8 of the Dungeon)
 19065 | D:8      | Found a staircase to the Lair.
 19203 | D:8      | Reached skill level 9 in Shields
 19546 | D:8      | Found Oxotour's Antique Armour Emporium.
 19831 | D:9      | Reached XP level 11. HP: 81/81 MP: 5/14
 20395 | D:10     | Entered Level 10 of the Dungeon
 21064 | D:9      | Noticed a two-headed ogre
 21074 | D:9      | Killed a two-headed ogre
 21075 | D:9      | Reached skill level 10 in Shields
 22090 | D:9      | Found a basalt altar of Yredelemnul.
 22324 | D:10     | Noticed a two-headed ogre
 22336 | D:10     | Killed a two-headed ogre
 22700 | D:10     | Reached skill level 11 in Shields
 23136 | D:10     | Noticed Erolcha
 24279 | Lair:1   | Entered Level 1 of the Lair of Beasts
 24453 | Lair:1   | Noticed an oklob plant
 24536 | Lair:1   | Noticed a five-headed hydra
 25196 | D:3      | Bought a large copper amulet for 80 gold pieces
 25196 | D:3      | Bought a scroll of identify for 32 gold pieces
 25196 | D:3      | Bought a fizzy brown potion for 14 gold pieces
 25196 | D:3      | Bought a scroll labelled WIFUOM LO ODWOUSS for 16 gold
                  | pieces
 25196 | D:3      | Bought a scroll of blinking for 120 gold pieces
 25502 | D:11     | Found a staircase to the Orcish Mines.
 25514 | D:11     | Noticed Erica
 25532 | D:11     | Killed Erica
 26022 | D:11     | Reached XP level 12. HP: 81/88 MP: 1/15
 26031 | D:11     | Reached skill level 12 in Shields
 26156 | D:11     | Noticed Josephine
 26204 | D:11     | Noticed a two-headed ogre
 26213 | D:11     | Killed a two-headed ogre
 26855 | D:11     | Found a portal to a secret trove of treasure.
 27744 | D:12     | Noticed Jorgrun
 27759 | D:12     | Noticed a boulder beetle
 28019 | D:12     | Found a transporter.
 28020 | D:12     | Noticed YannSP's ghost (journeyman DrCj)
 28106 | D:12     | Found a transporter.
 28281 | D:12     | Reached skill level 13 in Shields
 28346 | D:12     | Identified the +4 plate armour of Liud {Drain rN++ Dex+4
                  | Slay+3}
 28669 | D:13     | Killed a death knight
 28841 | D:8      | Killed a five-headed hydra
 29679 | Lair:1   | Noticed an eight-headed hydra
 29920 | Lair:2   | Bought a heavily runed leather armour for 203 gold pieces
 29920 | Lair:2   | Identified the +3 leather armour of the Pit {Rampage Str+9
                  | Slay+3} (You bought it in a shop on level 2 of the Lair of
                  | Beasts)
 30801 | Lair:3   | Found a hole to the Spider Nest.
 31077 | Lair:3   | Noticed a seven-headed hydra
 31089 | Lair:3   | Killed a seven-headed hydra
 31090 | Lair:3   | Reached skill level 14 in Shields
 31442 | Lair:3   | Gained mutation: You can use your snake-like lower body to
                  | constrict enemies. [Naga growth]
 31442 | Lair:3   | Reached XP level 13. HP: 45/94 MP: 16/16
 32249 | Lair:3   | Found a staircase to the Swamp.
 32543 | Lair:3   | Identified the ring of Ufatzec {rPois Str+6}
 33386 | Lair:4   | Reached skill level 15 in Shields
 33473 | Lair:4   | Reached skill level 1 in Fighting
 33818 | Lair:4   | Found the +8 whip "Snakebite" {venom, curare, rPois}
 34396 | Lair:5   | Noticed Kirke
 34398 | Lair:5   | Noticed a sphinx
 34403 | Lair:5   | Noticed a sphinx
 34412 | Lair:5   | Killed from afar by a sphinx

Illustrated notes

Levels and vault maps discovered:
D:1:      amcnicky_arrival_flooded_fountain, layout_loops_ring
D:2:      layout_loops_ring, basic_ecumenical_altar, nrook_uturn,
          chequers_arboretum
D:3:      layout_basic, mainiacjoe_overflow_boulevard, old_standard_altar,
          serial_shops, shop, dk_noncrumbling_3, chequers_serial_rivers_micro_b
D:4:      layout_loops_ring, okawaru_metal_pillars_1_2,
          minmay_temple_entry_gardened_gates, cheibrodos_sewer_entry_drain
D:5:      wander_river, layout_gridville, minmay_diced_spiral
D:6:      layout_basic, minmay_manual_mares, uniq_eustachio, uniq_menkaure
D:7:      layout_rooms, mainiacjoe_overflow_big_doors, lemuel_tele_altar,
          grunt_decor_clamped
D:8:      layout_loops_ring, due_lair_maze_entry_diamond, serial_shops,
          nicolae_shop_stone, minmay_crossroads
D:9:      layout_gridville, lemuel_mausoleum_altar_yredelemnul
D:10:     layout_loops_corners, uniq_erolcha
D:11:     layout_basic, erik_orc_3, nicolae_trove_entry_crossroad, uniq_erica,
          uniq_josephine
D:12:     layout_grid_maze, gammafunk_ghost_stat_death, fungi_pond_lemuel,
          uniq_jorgrun
D:13:     layout_roguey, erik_vaults_2, lemuel_flamethrower_2
Temple:   regret_index_temple_generic_petals
Lair:1:   layout_cave_pods, basic_altar, minmay_lair_oklob_items,
          grunt_megastairs_3
Lair:2:   layout_regular_city, grunt_megastairs_1
Lair:3:   layout_hall_layers, minmay_swamp_entry_reptiles,
          spider_nest_entry_webs
Lair:4:   minmay_guarded_unrand_snakebite, layout_regular_city,
          forest_entry_grove, lemuel_fruit_tree
Lair:5:   layout_hall_layers, gammafunk_lair_bear_cave,
          infiniplex_staircase_pool_2, uniq_kirke

Skill      XL: |  1  2  3  4  5  6  7  8  9 10 11 12 13 |
---------------+----------------------------------------+-----
Fire Magic     | 1 2 3 4 6 7 9 |  9.0
Conjurations   | 4 5 6 8 9 |  9.0
Shields        | 4 9 11 14 15 | 15.0
Fighting       | 4 |  4.6
Stealth        | |  3.0
Spellcasting   | |  2.1
Necromancy     | |  1.0
Ice Magic      | |  1.0
Poison Magic   | |  1.3

Action                   |  1- 3 |  4- 6 |  7- 9 | 10-12 | 13-15 || total
-------------------------+-------+-------+-------+-------+-------++-------
Melee: Dagger            |    11 |    49 |       |       |       ||    60
       War axe           |       |       |    43 |   276 |    39 ||   358
       Unarmed           |       |       |       |     7 |       ||     7
       Constrict         |       |       |       |       |     7 ||     7
 Cast: Foxfire           |    67 |   135 |   315 |   917 |   278 ||  1712
Invok: Call Merchant     |       |       |       |     2 |       ||     2
 Abil: Spit Poison       |    15 |     4 |     4 |     8 |       ||    31
Evoke: Wand              |       |       |       |     8 |       ||     8
  Use: Scroll            |     2 |     2 |     1 |    22 |     6 ||    33
       Potion            |       |     3 |       |     3 |     1 ||     7
 Stab: Paralysed         |       |       |       |     3 |       ||     3
       Distracted        |       |       |       |     1 |       ||     1
       Confused          |       |       |       |     1 |       ||     1
Armor: Robe              |     8 |    60 |    39 |       |       ||   107
       Leather armour    |       |       |     5 |   317 |   125 ||   447
Dodge: Dodged            |    12 |    49 |    52 |   164 |    67 ||   344
Block: Tower shield      |       |       |    60 |   697 |   310 ||  1067
